 Dungeon Crawl Stone Soup version 0.23.0-3-gf3c87f2 (webtiles) character file.

Game seed: 6238724296081256510

192 Azzok the Digger (level 5, -9/31 HPs)
             Began as an Octopode Earth Elementalist on Feb 22, 2019.
             Was an Initiate of the Shining One.
             Killed by divine providence
             ... invoked by an orc priest
              (12 damage)
             ... on level 3 of the Dungeon.
             The game lasted 00:04:40 (3986 turns).

Azzok the Digger (Octopode Earth Elementalist)      Turns: 3986, Time: 00:04:41

Health: -9/31      AC:  1    Str:  8    XL:     5   Next: 71%
Magic:  0/10       EV: 13    Int: 18    God:    the Shining One [......]
Gold:   77         SH:  0    Dex: 12    Spells: 7/11 levels left

rFire    . . .     SeeInvis .   h - +1 dagger (speed)
rCold    . . .     Gourm    .   (no shield)
rNeg     + . .     Faith    .   (helmet restricted)
rPois    .         Spirit   .   (no amulet)
rElec    .         Reflect  .   k - ring of positive energy
rCorr    .         Harm     .   (no ring)
MR       .....                  (no ring)
Stlth    ++........             (no ring)
HPRegen  0.10/turn              (no ring)
MPRegen  0.12/turn              (no ring)
                                (no ring)
                                (no ring)

@: glowing
A: almost no armour, stealthy swim, amphibious, 8 rings, constrict 8, camouflage
1, gelatinous body 1
a: Renounce Religion


You were on level 3 of the Dungeon.
You worshipped the Shining One.
The Shining One was noncommittal.
You were not hungry.

You visited 1 branch of the dungeon, and saw 3 of its levels.

You collected 77 gold pieces.

Inventory:

Hand Weapons
 h - a +1 dagger of speed (weapon)
Missiles
 b - 40 stones (quivered)
Jewellery
 k - a ring of positive energy (left tentacle)
Wands
 l - a wand of paralysis (6)
Scrolls
 d - 5 scrolls of identify {unknown}
 e - a scroll of fog {unknown}
 f - 4 scrolls of teleportation {unknown}
 g - a scroll of remove curse {unknown}
 i - a scroll of fear {unknown}
Potions
 a - a potion of brilliance {unknown}
 j - 2 potions of flight {unknown}
 n - a potion of lignification {unknown}
 o - a potion of might {unknown}
 p - a potion of resistance {unknown}
Comestibles
 c - 5 rations
 m - 4 chunks of flesh


   Skills:
 - Level 2.0 Dodging
 - Level 2.6 Stealth
 + Level 3.5 Spellcasting
 + Level 2.3 Conjurations
   Level 1.0 Transmutations
 + Level 4.4 Earth Magic


You had 7 spell levels left.
You knew the following spells:

 Your Spells              Type           Power        Failure   Level  Hunger
a - Sandblast             Erth           ###...       2%          1    None
b - Stone Arrow           Conj/Erth      ###...       12%         3    ###....

Your spell library contained the following spells:

 Spells                   Type           Power        Failure   Level  Hunger
 Passwall                 Tmut/Erth      ##......     8%          2    ##.....
 Petrify                  Tmut/Erth      ##......     45%         4    ####...
 Lee's Rapid Deconstruct  Erth           ###.......   56%         5    ######.


Dungeon Overview and Level Annotations

Branches:
Dungeon (3/15)

Altars:
The Shining One


Innate Abilities, Weirdness & Mutations

You cannot wear most types of armour.
You are very stealthy in the water. (Stealth+)
You are amphibious.
You can wear up to eight rings at the same time.
You can use your tentacles to constrict eight enemies at once.
Your skin changes colour to match your surroundings (Stealth+).
Your rubbery body absorbs attacks. (AC +1, EV +1)


Message History

You don't have enough magic to cast that spell.
You hit the orc priest. Your grab misses the orc priest.
The orc priest is lightly wounded.
The orc priest hits you with a +0 morningstar!
You hit the orc priest but do no damage.
You grab the orc priest.
The orc priest is lightly wounded.
You constrict the orc priest, but do no damage.
The orc priest hits you with a +0 morningstar!
* * * LOW HITPOINT WARNING * * *
You hit the orc priest.
The orc priest is lightly wounded.
You constrict the orc priest, but do no damage.
You hit the orc priest but do no damage.
Your squeeze misses the orc priest.
The orc priest is lightly wounded.
You constrict the orc priest, but do no damage.
The orc priest calls down the wrath of Beogh upon you.
Beogh smites you!
You die...

o(······o·▒▒ ▒···▒▒
▒····o·▒o·▒▒▒▒▒▒▒·▒··▒
▒··o·oo(÷o···········▒
▒·······▒▒··▒▒··▒▒÷··▒
▒·▒▒▒▒·▒▒▒▒···÷▒▒▒▒··▒
▒·▒ ▒▒··▒▒ ▒▒··▒ ▒··
▒··▒ ▒▒···▒
▒:··▒▒▒··▒▒▒····▒
▒·▒··@[······▒··▒
▒·▒···o······▒··▒
▒···▒▒▒··▒▒▒····▒
·····▒ ▒··▒ ▒▒···▒
····▒ ▒··▒ ▒▒··▒ ··▒·
···· ▒··▒ · ▒ ··▒▒··
···▒ ··· ··· ▒▒


You could see an orc priest.

Vanquished Creatures
  Terence (D:3)
  Natasha (D:3)
  6 adders
  An ooze (D:2)
  A worm (D:2)
  4 dart slugs (D:1)
  4 leopard geckos
  3 orcs (D:3)
  3 giant cockroaches
  8 hobgoblins
  8 jackals
  4 kobolds (D:1)
  A ball python (D:1)
  9 bats
  4 frilled lizards
  6 goblins
  3 rats
67 creatures vanquished.

Notes
Turn   | Place    | Note
-------+----------+-------------------------------------------
     0 | D:1      | Azzok the Octopode Earth Elementalist began the quest for
                  | the Orb.
     0 | D:1      | Reached XP level 1. HP: 11/11 MP: 3/3
   245 | D:1      | Reached XP level 2. HP: 17/17 MP: 3/5
   556 | D:1      | Reached XP level 3. HP: 21/21 MP: 0/6
   561 | D:1      | Learned a level 3 spell: Stone Arrow
  1755 | D:2      | Reached skill level 1 in Conjurations
  1792 | D:2      | Reached XP level 4. HP: 27/27 MP: 4/8
  2183 | D:2      | Reached skill level 4 in Earth Magic
  3161 | D:3      | Noticed Terence
  3247 | D:3      | Noticed Natasha
  3363 | D:3      | Killed Natasha
  3363 | D:3      | Reached XP level 5. HP: 31/31 MP: 4/10
  3437 | D:3      | Paralysed by Terence for 3 turns
  3504 | D:3      | Paralysed by Terence for 5 turns
  3510 | D:3      | Paralysed by Terence for 5 turns
  3516 | D:3      | Killed Terence
  3740 | D:3      | Found a glowing golden altar of the Shining One.
  3812 | D:3      | Became a worshipper of the Shining One
  3986 | D:3      | Killed from afar by an orc priest

Skill      XL: |  1  2  3  4 |
---------------+-------------+-----
Conjurations   | 1 2 |  2.3
Spellcasting   | 3 |  3.5
Earth Magic    | 4 |  4.4
Dodging        | |  2.0
Stealth        | |  2.6
Transmutations | |  1.0

Action                   |  1- 3 |  4- 6 || total
-------------------------+-------+-------++-------
Melee: Unarmed           |    14 |       ||    14
       Constrict         |     7 |     5 ||    12
       Tentacles         |     3 |     1 ||     4
       Dagger            |    10 |    22 ||    32
 Cast: Sandblast         |    33 |    16 ||    49
       Stone Arrow       |    13 |    33 ||    46
 Stab: Sleeping          |     1 |       ||     1
  Eat: Chunk             |     5 |    10 ||    15
Armor: Skin              |     2 |       ||     2
Dodge: Dodged            |    19 |    27 ||    46
